 Dungeon Crawl Stone Soup version 0.27-a0-1140-g099f9bb0e8 (webtiles) character file.

Game seed: 17706200266968787486

536 leviel the Chopper (level 7, -1/91 HPs)
             Began as a Minotaur Fighter on May 9, 2021.
             Succumbed to a water moccasin's poison
             ... on level 5 of the Dungeon.
             The game lasted 00:04:19 (3820 turns).

leviel the Chopper (Minotaur Fighter)               Turns: 3820, Time: 00:04:20

Health: -1/91      AC:  8    Str: 22    XL:     7   Next: 4%
Magic:  6/6        EV:  8    Int:  5    God:
Gold:   165        SH: 10    Dex: 10    Spells: 6/6 levels left

rFire    . . .     SeeInvis .   a - +0 war axe
rCold    . . .     Faith    .   c - +0 kite shield
rNeg     . . .     Spirit   .   b - +0 scale mail
rPois    .         Reflect  .   (helmet restricted)
rElec    .         Harm     .   j - +0 cloak
rCorr    .         Rampage  .   (no gloves)
Will     .....                  (no boots)
Stlth    ..........             (no amulet)
HPRegen  0.25/turn              (no ring)
MPRegen  0.10/turn              (no ring)

@: berserking, lethally poisoned (-1 -> -20), flying, very quick
A: horns 2, retaliatory headbutt
a: no special abilities


You were on level 5 of the Dungeon.
You visited 1 branch of the dungeon, and saw 5 of its levels.

You collected 165 gold pieces.

Inventory:

Hand Weapons
 a - a +0 war axe (weapon)
Armour
 b - a +0 scale mail (worn)
 c - a +0 kite shield (worn)
 j - a +0 cloak (worn)
Wands
 o - a wand of flame (38)
Scrolls
 d - 2 scrolls of amnesia {unknown}
 f - a scroll of blinking {unknown}
 g - 3 scrolls of teleportation {unknown}
 i - 2 scrolls of noise {unknown}
 k - 2 scrolls of identify {unknown}
 m - a scroll of holy word {unknown}
Potions
 h - 4 potions of flight
 n - a potion of magic {unknown}
 p - a potion of lignification {unknown}


   Skills:
 + Level 5.4 Fighting
 * Level 6.0 Axes
 + Level 5.4 Armour
 + Level 5.4 Shields


You had 6 spell levels left.
You didn't know any spells.
Your spell library was empty.

Dungeon Overview and Level Annotations

Branches:
Dungeon (5/15)
 Temple: D:4-7

Altars:
Cheibriados

Annotations:
D:2 1 runed translucent door, Crazy Yiuf


Innate Abilities, Weirdness & Mutations

You have a pair of horns on your head.
You reflexively headbutt those who attack you in melee.


Message History

You block the iguana's attack. The water moccasin bites you.
You are poisoned.
The water moccasin poisons you!
You are too injured to fight recklessly!
You feel very sick. You block the water moccasin's attack.
Unknown command.
You feel very sick.
You hit the water moccasin.
The water moccasin is lightly wounded.
You feel very sick. The water moccasin bites you.
* * * LOW HITPOINT WARNING * * *
You are lethally poisoned!
The water moccasin poisons you! You block the water moccasin's attack.
It was a potion of flight.
You feel very buoyant.
You fly up into the air.
* * * LOW HITPOINT WARNING * * *
You feel very sick. You block the water moccasin's attack.
It was a potion of berserk rage.
A red film seems to cover your vision as you go berserk!
You feel yourself moving faster!
You feel mighty!
You feel very sick. The water moccasin bites you!
* * * LOW HITPOINT WARNING * * *
You are more poisoned.
The water moccasin poisons you! The water moccasin barely misses you.
You furiously retaliate!
You headbutt the water moccasin! You miss the water moccasin.
Your headbutt misses the water moccasin.
The water moccasin is heavily wounded.
* * * LOW HITPOINT WARNING * * *
You feel very sick. You block the water moccasin's attack.
You closely miss the water moccasin.
Your headbutt misses the water moccasin.
The water moccasin is heavily wounded.
You die...

# #### ## ## # ##..# ###.#
#.## ###.### ##..>#
#.##### .##.# ##....#
#l....# #...# ##....##
##S#.....#
##..###....#.###@##......#
###......# #.....# #......
......#..# #.....###......
...#..#..###............#.
.####.##..#.##...#........
## #.##....##..####.....#
# #.##.......## .. #
##....#....# . .
#...#.....#


You could see a water moccasin and an iguana.

Vanquished Creatures
  A sky beast (D:5)
  An ice beast (D:5)
  An ogre (D:5)
  A bullfrog zombie (D:5)
  2 jellies (D:5)
  Terence (D:2)
  5 adders
  A white imp (D:5)
  A worm (D:3)
  3 adder skeletons (D:4)
  2 dart slugs (D:1)
  5 orcs
  9 ball pythons
  6 endoplasms
  2 giant cockroaches
  5 goblins
  6 hobgoblins
  8 jackals
  3 quokkas
  3 bats
  4 frilled lizards
  13 kobolds
  7 rats
90 creatures vanquished.

Notes
Turn   | Place    | Note
-------+----------+-------------------------------------------
     0 | D:1      | leviel the Minotaur Fighter began the quest for the Orb.
     0 | D:1      | Reached XP level 1. HP: 19/19 MP: 0/0
    34 | D:1      | Reached XP level 2. HP: 11/27 MP: 1/1
   330 | D:1      | Reached skill level 3 in Axes
   587 | D:1      | Found a faded altar of an unknown god.
   711 | D:1      | Reached XP level 3. HP: 33/33 MP: 2/2
  1204 | D:2      | Reached XP level 4. HP: 37/40 MP: 3/3
  1278 | D:2      | Noticed Terence
  1285 | D:2      | Killed Terence
  1286 | D:2      | Reached skill level 4 in Axes
  1444 | D:2      | Found a runed translucent door.
  1445 | D:2      | Noticed Crazy Yiuf
  2105 | D:3      | You fall into a shaft and drop 2 floors!
  2105 | D:5      | Entered Level 5 of the Dungeon
  2115 | D:5      | Noticed a sky beast
  2127 | D:5      | Killed a sky beast
  2128 | D:5      | Reached XP level 5. HP: 25/47 MP: 4/4
  2448 | D:3      | Reached skill level 5 in Axes
  3025 | D:4      | Reached XP level 6. HP: 53/55 MP: 5/5
  3071 | D:4      | Found a snail-covered altar of Cheibriados.
  3405 | D:5      | Reached skill level 5 in Fighting
  3405 | D:5      | Reached skill level 5 in Armour
  3405 | D:5      | Reached skill level 5 in Shields
  3586 | D:5      | Noticed an ice beast
  3595 | D:5      | Killed an ice beast
  3724 | D:5      | Reached skill level 6 in Axes
  3724 | D:5      | Reached XP level 7. HP: 46/61 MP: 6/6
  3819 | D:5      | HP: 4/91 [poisoned by a water moccasin]
  3820 | D:5      | Succumbed to a water moccasin's poison

Illustrated notes

Levels and vault maps discovered:
D:1:      heliophobic_arrival_battle_scene, layout_rooms,
          ebering_ecumenical_altar_webs, roderic_roman_lattice,
          minmay_stone_trees_medium
D:2:      minmay_general_purpose_star, layout_loops_ring,
          minmay_misc_feat_alley, uniq_crazy_yiuf_cottage, uniq_terence
D:3:      wad_pebble_path, layout_basic
D:4:      layout_rooms, old_standard_altar, serial_shops, shop,
          chequers_arboretum, chequers_serial_rivers_room_b
D:5:      layout_layer_cave, marbit_many_paths, minmay_temple_entry_ruins

Skill      XL: |  1  2  3  4  5  6 |
---------------+-------------------+-----
Axes           | 3 4 5 6 |  6.0
Armour         | 4 5 |  5.4
Fighting       | 4 5 |  5.4
Shields        | 4 5 |  5.4

Action                   |  1- 3 |  4- 6 |  7- 9 || total
-------------------------+-------+-------+-------++-------
Melee: War axe           |    76 |   123 |     8 ||   207
       Headbutt          |    10 |    27 |     1 ||    38
  Use: Potion            |       |     1 |     2 ||     3
Armor: Scale mail        |    41 |    49 |     6 ||    96
Dodge: Dodged            |    22 |    37 |     1 ||    60
Block: Kite shield       |    47 |    73 |     9 ||   129

Table legend: (Time is in decaauts)
 A = Elapsed time spent in this place.
 B = Non-inter-level travel time spent in this place.
 C = Inter-level travel time spent in this place.
 D = Time resting spent in this place.
 E = Time spent auto-exploring this place.
 F = Levels seen in this place.
 G = Mean time per level.
                   A        B        C        D        E       F      G
               +--------+--------+--------+--------+--------+-----+--------+
         Total |   3924 |   3748 |    176 |    645 |   2516 |   5 |  784.8 |
       Dungeon |   3924 |   3748 |    176 |    645 |   2516 |   5 |  784.8 |
               +--------+--------+--------+--------+--------+-----+--------+

Top non-repeatable levels by time:
     D:2: 1166 daAuts
     D:1: 968 daAuts
     D:3: 832 daAuts
     D:5: 781 daAuts
     D:4: 175 daAuts
